 Dungeon Crawl Stone Soup version 0.30-a0-996-ga6910c8ee8 (webtiles) character file.

Game seed: 9063732629917138693

43872 DavidChitty2 the Severer (level 13, -8/119 HPs)
             Began as a Minotaur Fighter on Apr 4, 2023.
             Was a High Priest of Makhleb.
             Mangled by a black mamba (16 damage)
             ... on level 5 of the Lair of Beasts.
             The game lasted 00:22:12 (17901 turns).

DavidChitty2 the Severer (Minotaur Fighter)        Turns: 17901, Time: 00:22:13

Health: -8/119     AC:  1    Str: 28    XL:     13   Next: 93%
Magic:  19/19      EV:  8    Int:  8    God:    Makhleb [*****.]
Gold:   426        SH:  7    Dex: 14    Spells: 12/12 levels left

rFire   . . .      SeeInvis +    a - +1 war axe (venom)
rCold   . . .      Faith    .    c - +0 buckler
rNeg    . . .      Spirit   .    D - +0 plate armour
rPois   .          Reflect  .    (helmet restricted)
rElec   .          Rampage  .    s - +1 cloak
rCorr   +                        z - +0 pair of gloves
Will    .....                    j - +0 pair of boots of Raupoqe {Dex+3 Stlth+} Stlth
                                 (no amulet)
HPRegen 0.39/turn                B - ring "Hant" {Wiz Str+3 Int+3 SInv}
MPRegen 0.16/turn                w - ring of resist corrosion

@: corroded
A: horns 2, retaliatory headbutt
a: Renounce Religion, Minor Destruction, Lesser Servant of Makhleb, Major
Destruction, Greater Servant of Makhleb


You were on level 5 of the Lair of Beasts.
You worshipped Makhleb.
Makhleb was extremely pleased with you.
You visited 3 branches of the dungeon, and saw 17 of its levels.

You collected 815 gold pieces.
You spent 389 gold pieces at shops.

Inventory:

Hand Weapons
 a - a +1 war axe of venom (weapon)
 b - a +0 mace of protection
   (You took it off an orc on level 7 of the Dungeon)
 p - the +7 falchion "Rihad" {heavy, Dex+5 SInv}
   (You found it on level 11 of the Dungeon)

   Dex:       It affects your dexterity (+5).
   SInv:      It lets you see invisible.
 v - a +0 broad axe
   (You found it on level 5 of the Lair of Beasts)
Armour
 c - a +0 buckler (worn)
 j - the +0 pair of boots of Raupoqe (worn) {Dex+3 Stlth+}
   (You bought it in a shop on level 5 of the Dungeon)

   Dex:       It affects your dexterity (+3).
   Stlth:     It makes you more stealthy.
 r - a scarf of invisibility
   (You found it on level 5 of the Lair of Beasts)
 s - a +1 cloak (worn)
   (You found it on level 2 of the Dungeon)
 z - a +0 pair of gloves (worn)
   (You found it on level 10 of the Dungeon)
 D - a +0 plate armour (worn)
   (You found it on level 11 of the Dungeon)
Jewellery
 f - a +4 ring of protection
   (You found it on level 5 of the Dungeon)
 n - a ring of positive energy
   (You found it on level 1 of the Dungeon)
 w - a ring of resist corrosion (right hand)
   (You found it on level 8 of the Dungeon)
 B - the ring "Hant" (left hand) {Wiz Str+3 Int+3 SInv}
   (You found it on level 10 of the Dungeon)

   [ring of wizardry]

   It improves your spell success rate.
   Str:       It affects your strength (+3).
   Int:       It affects your intelligence (+3).
   SInv:      It lets you see invisible.
 G - a ring of ice
   (You found it on level 1 of the Lair of Beasts)
Wands
 t - a wand of flame (21)
   (You took it off Robin on level 3 of the Dungeon)
 y - a wand of roots (21)
   (You found it on level 8 of the Dungeon)
 A - a wand of polymorph (6)
   (You found it on level 10 of the Dungeon)
Scrolls
 g - 5 scrolls of magic mapping
 h - 5 scrolls of blinking
 l - 4 scrolls of enchant weapon
 q - 3 scrolls of teleportation {@r4}
 C - a scroll of enchant armour
 J - 2 scrolls of vulnerability {!r}
 L - 2 scrolls of fear
Potions
 d - 2 potions of might
 e - 3 potions of degeneration {!q}
 i - 4 potions of haste {@q3}
 k - 2 potions of resistance
 m - 3 potions of lignification {!q}
 o - 2 potions of invisibility
 u - 6 potions of curing {@q1}
 x - 2 potions of berserk rage
 E - a potion of attraction {!q}
 F - a potion of ambrosia {unknown}
 H - a potion of magic
 I - 2 potions of flight
 K - 2 potions of mutation {!q}


   Skills:
 + Level 12.7 Fighting
 * Level 17.1 Axes
 + Level 12.6 Armour
 + Level 12.7 Shields
 + Level 9.4 Invocations


You had 12 spell levels left.
You didn't know any spells.
Your spell library contained the following spells:

 Spells                   Type           Power      Damage    Failure   Level
 Magic Dart               Conj           0%         1d3       78%         1
 Sting                    Tmut/Pois      0%         1d3       78%         1
 Summon Small Mammal      Summ           0%         N/A       78%         1
 Blink                    Tloc           0%         N/A       89%         2
 Cigotuvi's Dreadful Rot  Necr/Pois/Air  0%         N/A       89%         2
 Lesser Beckoning         Tloc           0%         N/A       89%         2
 Momentum Strike          Conj/Tloc      0%         3d8       89%         2
 Poisonous Vapours        Pois/Air       0%         N/A       89%         2
 Searing Ray              Conj           0%         2d4       89%         2
 Static Discharge         Conj/Air       0%         2-2/arc   89%         2
 Call Canine Familiar     Summ           0%         N/A       98%         3
 Dazzling Flash           Conj/Hex       0%         N/A       98%         3
 Ozocubu's Armour         Ice            0%         N/A       98%         3
 Summon Guardian Golem    Hex/Summ       0%         N/A       98%         3
 Airstrike                Air            0%         2d(0-16)  100%        4
 Dispel Undead            Necr           0%         3d6       100%        4
 Fulminant Prism          Conj/Hex       0%         3d5       100%        4
 Iskenderun's Mystic Bla  Conj/Tloc      0%         2d3       100%        4
 Olgreb's Toxic Radiance  Pois           0%         N/A       100%        4
 Summon Lightning Spire   Summ/Air       0%         N/A       100%        4
 Alistair's Intoxication  Tmut/Pois      0%         N/A       100%        5
 Borgnjor's Vile Clutch   Necr/Erth      0%         N/A       100%        5
 Metabolic Englaciation   Hex/Ice        0%         N/A       100%        5
 Death Channel            Necr           0%         N/A       100%        6
 Eringya's Noxious Bog    Tmut/Pois      0%         N/A       100%        6
 Simulacrum               Ice/Necr       0%         N/A       100%        6
 Starburst                Conj/Fire      0%         6d3       100%        6


Dungeon Overview and Level Annotations

Branches:
Dungeon (11/15)            Temple (1/1) D:5            Lair (5/5) D:11
  Swamp (0/4) Lair:3       Spider (0/4) Lair:2        Slime (0/5) Lair:5
    Orc: D:9-12

Altars:
Ashenzari
Cheibriados
Dithmenos
Elyvilon
Fedhas
Gozag
Hepliaklqana
Kikubaaqudgha
Makhleb
Nemelex Xobeh
Okawaru
Qazlal
Ru
Sif Muna
Trog
Uskayaw
Vehumet
Wu Jian
Xom
Yredelemnul
Zin
The Shining One
Jiyva

Shops:
D:4 [   D:5 (!??*   D:7 *

Annotations:
Lair:2 2 transporters
Lair:5 exclusion: oklob plant


Innate Abilities, Weirdness & Mutations

You have a pair of horns on your head.
You reflexively headbutt those who attack you in melee.


Message History

The oklob plant looks as sick as possible!
You headbutt the oklob plant, but do no damage.
You hit the oklob plant but do no damage.
You headbutt the oklob plant, but do no damage.
You hit the oklob plant but do no damage.
The oklob plant spits acid at you. The splash of acid hits you! You resist.
You hit the oklob plant but do no damage.
The oklob plant looks as sick as possible!
You headbutt the oklob plant, but do no damage.
You hit the oklob plant but do no damage.
You headbutt the oklob plant, but do no damage.
You hit the oklob plant.
You headbutt the oklob plant, but do no damage.
The oklob plant spits acid at you. The splash of acid hits you! You resist.
You slash the oklob plant!
The oklob plant looks as sick as possible!
The oklob plant spits acid at you. The splash of acid hits you. You resist.
* * * LOW HITPOINT WARNING * * *
The oklob plant spits acid at you. The splash of acid hits you! You resist.
* * * LOW HITPOINT WARNING * * *
The black mamba hisses angrily.
You hit the oklob plant but do no damage.
The oklob plant spits acid at you. The splash of acid hits you! You resist.
* * * LOW HITPOINT WARNING * * *
The acid corrodes you! The oklob plant spits acid at you.
The splash of acid hits you! You resist.
* * * LOW HITPOINT WARNING * * *
You destroy the oklob plant!
Makhleb accepts your kill.
You feel better. The oklob plant spits acid at you.
The splash of acid hits you! You resist.
* * * LOW HITPOINT WARNING * * *
The acid corrodes you! The oklob plant spits acid at you.
You block the splash of acid. The black mamba bites you!!
* * * LOW HITPOINT WARNING * * *
You feel better. The black mamba barely misses you. You furiously retaliate!
You headbutt the black mamba.
The black mamba bites you but does no damage.
The black mamba attacks as you move away!
The black mamba bites you!
You die...

..... ......... ....Y
....... ....Y # #.....#
P.... .#. #.....# .....
...##.....# #.....
.....+....## .P #.....
...........##.. ......
#...@..+.... ......
....#..S......# .#.... .
#......##### #.....
###...)####.# ##.....
#.......#...###......
.###P...................
........................
................††......
......._..#.##.###......


You could see a black mamba.

Vanquished Creatures
  4 hydras
  2 catoblepae
  A two-headed ogre (D:10)
  Erica (D:7)
  6 death yaks (Lair:5)
  Nergalle (Lair:3)
  3 bog bodies (Lair:3)
  5 oklob plants
  A manticore (Lair:5)
  12 elephants
  5 black mambas
  2 torpor snails
  2 gargoyles (D:11)
  Psyche (D:8)
  A rime drake (Lair:2)
  8 cane toads
  14 komodo dragons
  3 trolls
  A hornet (D:11)
  3 polar bears
  11 dream sheep
  12 blink frogs
  A shadow (D:10)
  7 wyverns
  16 yaks
  4 basilisks
  Eustachio (D:5)
  A redback (Lair:2)
  4 vampire mosquitoes (D:11)
  A steam dragon (D:6)
  2 swamp worms (Lair:3)
  An acid dragon (D:9)
  8 water moccasins
  An ice beast (D:6)
  A sky beast (D:8)
  3 black bears
  An ogre (D:6)
  14 wolves
  5 centaurs
  A phantom (D:7)
  A kobold brigand (D:9)
  8 bullfrogs
  A gnoll sergeant (D:5)
  4 scorpions (D:5)
  5 wights (D:7)
  4 killer bees
  8 electric eels
  2 howler monkeys
  2 gnoll boudas
  3 hounds
  6 orc priests
  6 hell rats (Lair:5)
  4 iguanas
  21 orc wizards
  5 sleepcaps
  Ijyb (D:3)
  Robin (D:3)
  18 gnolls
  6 adders
  A shadow imp (D:7)
  2 white imps (D:6)
  An ufetubus (D:5)
  A worm (D:5)
  4 dart slugs
  42 orcs
  6 bats
  2 endoplasms (D:1)
  5 giant cockroaches
  16 goblins
  13 hobgoblins
  8 jackals (D:5)
  7 quokkas
  5 ball pythons
  2 frilled lizards
  20 kobolds
  4 rats
416 creatures vanquished.

Vanquished Creatures (collateral kills)
  A cane toad (Lair:5)
  2 blink frogs (Lair:5)
  2 dream sheep (Lair:5)
  A yak (Lair:5)
6 creatures vanquished.

Vanquished Creatures (others)
  An orc (D:7)
  24 fungi
  52 plants
77 creatures vanquished.

Grand Total: 499 creatures vanquished

Notes
Turn   | Place    | Note
-------+----------+-------------------------------------------
     0 | D:1      | DavidChitty2 the Minotaur Fighter began the quest for the
                  | Orb.
     0 | D:1      | Reached XP level 1. HP: 19/19 MP: 0/0
   310 | D:1      | Reached XP level 2. HP: 27/27 MP: 1/1
   373 | D:1      | Reached skill level 3 in Axes
   832 | D:2      | Reached XP level 3. HP: 33/33 MP: 2/2
  1489 | D:3      | Noticed a black bear
  1493 | D:3      | Reached XP level 4. HP: 38/40 MP: 3/3
  1498 | D:3      | Killed a black bear
  1499 | D:3      | Reached skill level 4 in Axes
  1499 | D:3      | Reached XP level 5. HP: 35/47 MP: 4/4
  1590 | D:3      | Found a radiant altar of Vehumet.
  1590 | D:3      | Found a blossoming altar of Fedhas.
  1693 | D:3      | Noticed Robin
  1709 | D:3      | Killed Robin
  2078 | D:3      | Noticed Ijyb
  2088 | D:3      | Killed Ijyb
  2089 | D:3      | Reached skill level 5 in Axes
  2180 | D:3      | Reached XP level 6. HP: 55/55 MP: 5/5
  2459 | D:4      | Found a sacrificial altar of Ru.
  2508 | D:4      | Found Utoufeji's Antique Armour Emporium.
  2586 | D:4      | You fall into a shaft and drop 1 floor!
  2586 | D:5      | Entered Level 5 of the Dungeon
  2650 | D:5      | Found Olaof's Antique Weapon Shoppe.
  2763 | D:5      | Noticed Eustachio
  2798 | D:5      | Killed Eustachio
  2799 | D:5      | Reached skill level 5 in Fighting
  2799 | D:5      | Reached skill level 5 in Armour
  2799 | D:5      | Reached skill level 5 in Shields
  3076 | D:4      | Reached skill level 6 in Axes
  3391 | D:4      | Reached XP level 7. HP: 61/61 MP: 6/6
  3623 | D:5      | Found Munetz's Magic Scroll Shop.
  3634 | D:5      | Found Dicit's Magic Scroll Emporium.
  3667 | D:5      | Bought a scroll of brand weapon for 123 gold pieces
  3791 | D:5      | Reached skill level 7 in Axes
  3795 | D:5      | Found a staircase to the Ecumenical Temple.
  3827 | Temple   | Entered the Ecumenical Temple
  4044 | Temple   | Became a worshipper of Makhleb the Destroyer
  4085 | D:5      | Reached XP level 8. HP: 70/70 MP: 7/7
  4105 | D:5      | Found Deiwk's Assorted Antiques.
  4360 | D:5      | Found Puruasm's Distillery.
  4400 | D:5      | Found a hazy altar of Hepliaklqana.
  4738 | D:6      | Reached skill level 1 in Invocations
  4747 | D:6      | Reached skill level 8 in Axes
  4865 | D:6      | Found a glowing silver altar of Zin.
  4891 | D:6      | Found an opulent altar of Gozag.
  4994 | D:6      | Reached * piety under Makhleb
  5035 | D:6      | Found a snail-covered altar of Cheibriados.
  5660 | D:7      | Reached skill level 9 in Axes
  5660 | D:7      | Reached XP level 9. HP: 76/79 MP: 10/10
  6337 | D:7      | Found Terap's General Store.
  6720 | D:7      | Reached ** piety under Makhleb
  6730 | D:8      | Noticed Erica
  6869 | D:7      | Reached skill level 10 in Axes
  6964 | D:7      | Killed Erica
  7175 | D:8      | Reached XP level 10. HP: 88/88 MP: 12/12
  7195 | D:8      | Noticed Psyche
  7205 | D:8      | Killed Psyche
  7679 | D:9      | Reached skill level 11 in Axes
  7743 | D:10     | Entered Level 10 of the Dungeon
  8074 | D:5      | Bought a pair of crude boots for 266 gold pieces
  8074 | D:5      | Identified the +0 pair of boots of Raupoqe {Dex+3 Stlth+}
                  | (You bought it in a shop on level 5 of the Dungeon)
  8227 | D:9      | Found a bloodstained altar of Trog.
  8509 | D:10     | Noticed a two-headed ogre
  8516 | D:10     | Killed a two-headed ogre
  8517 | D:10     | Reached skill level 5 in Invocations
  8776 | D:10     | Reached skill level 12 in Axes
  8871 | D:10     | Identified the ring "Hant" {Wiz Str+3 Int+3 SInv}
  8886 | D:10     | Reached *** piety under Makhleb
  9300 | D:11     | Noticed an oklob plant
  9300 | D:11     | Noticed an oklob plant
  9438 | D:11     | Noticed a gargoyle
  9447 | D:11     | Killed a gargoyle
  9577 | D:11     | Noticed a gargoyle
  9588 | D:11     | Killed a gargoyle
  9589 | D:11     | Reached XP level 11. HP: 79/97 MP: 14/14
  9693 | D:11     | Noticed an oklob plant
 10072 | D:11     | Identified the +7 falchion "Rihad" {heavy, Dex+5 SInv}
 10174 | D:11     | Found a staircase to the Lair.
 10189 | D:11     | Killed an oklob plant
 10194 | Lair:1   | Entered Level 1 of the Lair of Beasts
 10329 | D:11     | Killed an oklob plant
 10342 | D:11     | Killed an oklob plant
 10503 | Lair:1   | Reached skill level 13 in Axes
 10570 | Lair:1   | Reached skill level 10 in Shields
 10581 | Lair:1   | Reached skill level 10 in Fighting
 10585 | Lair:1   | Reached skill level 10 in Armour
 12403 | Lair:2   | Found a transporter.
 12425 | Lair:2   | Found a transporter.
 12555 | Lair:2   | Found a hole to the Spider Nest.
 12568 | Lair:2   | Reached skill level 14 in Axes
 12707 | Lair:2   | Reached XP level 12. HP: 102/107 MP: 16/16
 13309 | Lair:3   | Reached **** piety under Makhleb
 13574 | Lair:3   | Noticed an eight-headed hydra
 13586 | Lair:3   | Killed an eight-headed hydra
 13826 | Lair:3   | Noticed a four-headed hydra
 13842 | Lair:3   | Killed a four-headed hydra
 14136 | Lair:3   | Reached skill level 15 in Axes
 14241 | Lair:3   | Noticed Nergalle
 14256 | Lair:3   | Killed Nergalle
 15168 | Lair:3   | Found a staircase to the Swamp.
 15398 | Lair:4   | Reached ***** piety under Makhleb
 15579 | Lair:4   | Noticed a catoblepas
 15586 | Lair:4   | Killed a catoblepas
 15634 | Lair:4   | Found a dark tunnel.
 15831 | Lair:4   | Reached XP level 13. HP: 102/117 MP: 18/18
 16218 | Lair:5   | Entered Level 5 of the Lair of Beasts
 16602 | Lair:5   | Reached skill level 16 in Axes
 16606 | Lair:5   | HP: 3/118 [death yak (9)]
 17700 | Lair:5   | Reached skill level 17 in Axes
 17768 | Lair:5   | Found a viscous altar of Jiyva.
 17796 | Lair:5   | Found a staircase to the Slime Pits.
 17898 | Lair:5   | HP: 2/119 [black mamba (18)]
 17901 | Lair:5   | Mangled by a black mamba

Illustrated notes

Levels and vault maps discovered:
D:1:      nzn_arrival_water_spiral, layout_basic, columned_hall_lemuel,
          serial_park_tiny_pond, chequers_serial_rivers_small_b
D:2:      layout_loops_ring, minmay_goblin_kobold_house
D:3:      layout_basic, jmf_multi_god_temple, grunt_ministairs_6, uniq_ijyb,
          uniq_robin
D:4:      layout_gridville, kennysheep_little_box, serial_shops,
          nicolae_lakefront_shop, amcnicky_mini_corridor_feature
D:5:      layout_basic, nzn_hepliaklqana_mist_gate,
          minmay_temple_entry_drinking_statues, serial_shops,
          nicolae_shop_behind_doors, shop,
          nicolae_shop_competitors_out_of_business, shop,
          nicolae_shop_competitors_out_of_business, small_statue_intersection,
          minmay_hedge_maze, chequers_jeans, uniq_eustachio
D:6:      layout_cave_pools, lemuel_round_altar, mainiacjoe_overflow_paths,
          nicolae_gozag_seed_capital
D:7:      layout_gridville, serial_shops, nicolae_shop_advertising_works
          [nicolae_subvault_shop_adworks], kennysheep_boxes
D:8:      layout_loops_ring, kennysheep_generic_room_4, uniq_psyche, uniq_erica
D:9:      layout_cave_pools, lightli_temple_of_fire
D:10:     layout_gridville
D:11:     layout_basic, dpeg_oklobed_lair
Temple:   zaba_magenta_temple
Lair:1:   layout_layer_cave
Lair:2:   gammafunk_worm_tunnel, layout_regular_city, spider_nest_entry_a
Lair:3:   layout_cave_pods, nicolae_swamp_entry_splash_gauntlet, st_stairs_13,
          uniq_nergalle
Lair:4:   layout_hall_layers, lightli_volcano_entry_magma_tube,
          guppyfry_lair_drakes, infiniplex_staircase_pool
Lair:5:   evilmike_catoblepas_cave, layout_regular_city,
          minmay_slime_entry_oklob_open

Skill      XL: |  1  2  3  4  5  6  7  8  9 10 11 12 13 |
---------------+----------------------------------------+-----
Axes           | 3 4 5 6 7 9 10 12 14 15 17 | 17.1
Shields        | 4 5 6 7 8 9 10 11 12 | 12.7
Armour         | 4 5 6 7 8 9 10 11 12 | 12.6
Fighting       | 4 5 6 7 8 9 10 11 12 | 12.7
Invocations    | 2 4 5 7 8 9 |  9.4

Action                     |  1- 3 |  4- 6 |  7- 9 | 10-12 | 13-15 || total
---------------------------+-------+-------+-------+-------+-------++-------
  Melee: War axe           |    84 |   112 |   266 |   459 |   228 ||  1149
         Headbutt          |    13 |    20 |    49 |   121 |    83 ||   286
         Mace              |       |       |       |    20 |    16 ||    36
 Invoke: Lesser Servant of |       |       |       |       |     2 ||     2
  Evoke: Wand              |       |       |    11 |     3 |     1 ||    15
    Use: Scroll            |       |    10 |     7 |     8 |     3 ||    28
         Potion            |       |       |     2 |       |     6 ||     8
   Stab: Petrified         |       |       |       |       |     6 ||     6
         Petrifying        |       |       |       |       |     2 ||     2
         Distracted        |       |       |       |       |     1 ||     1
 Armour: Scale mail        |    16 |       |       |       |       ||    16
         Chain mail        |    37 |    73 |   182 |    61 |       ||   353
         Plate armour      |       |       |       |   282 |   167 ||   449
  Dodge: Dodged            |    36 |    42 |   115 |   170 |    91 ||   454
  Block: Buckler           |    13 |    29 |    72 |   166 |    93 ||   373

Table legend: (Time is in decaauts)
 A = Elapsed time spent in this place.
 B = Non-inter-level travel time spent in this place.
 C = Inter-level travel time spent in this place.
 D = Time resting spent in this place.
 E = Time spent auto-exploring this place.
 F = Levels seen in this place.
 G = Mean time per level.
                   A        B        C        D        E       F      G
               +--------+--------+--------+--------+--------+-----+--------+
         Total |  17944 |  16961 |    983 |   2857 |  11138 |  17 | 1055.5 |
       Dungeon |  10370 |   9664 |    706 |   1273 |   6510 |  11 |  942.7 |
        Temple |    234 |    218 |     16 |      0 |    173 |   1 |  234.0 |
          Lair |   7339 |   7078 |    261 |   1583 |   4455 |   5 | 1467.8 |
               +--------+--------+--------+--------+--------+-----+--------+

Top non-repeatable levels by time:
  Lair:3: 2041 daAuts
  Lair:1: 1782 daAuts
     D:7: 1587 daAuts
     D:5: 1348 daAuts
  Lair:5: 1259 daAuts
  Lair:4: 1197 daAuts
    D:11: 1117 daAuts
  Lair:2: 1058 daAuts
     D:3: 919 daAuts
    D:10: 912 daAuts
     D:6: 853 daAuts
     D:4: 831 daAuts
     D:2: 787 daAuts
     D:8: 708 daAuts
     D:1: 699 daAuts
